 Dungeon Crawl Stone Soup version 0.30.0-17-ge0270778cf (webtiles) character file.

Game seed: 4660411346895555817

298 Hubris850 the Chopper (level 6, -3/52 HPs)
             Began as a Hill Orc Fighter on May 22, 2023.
             Was an Initiate of Nemelex Xobeh.
             Slain by a gnoll bouda
             ... wielding a +0 whip
              (6 damage)
             ... on level 4 of the Dungeon.
             The game lasted 00:06:37 (2491 turns).

Hubris850 the Chopper (Hill Orc Fighter)            Turns: 2491, Time: 00:06:38

Health: -3/52      AC:  9    Str: 21    XL:     6   Next: 35%
Magic:  6/6        EV:  9    Int:  8    God:    Nemelex Xobeh [......]
Gold:   153        SH:  5    Dex: 10    Spells: 5/5 levels left

rFire   . . .        j - +2 hand axe (elec)
rCold   . . .        c - +0 buckler
rNeg    . . .        b - +0 scale mail
rPois   .            (no helmet)
rElec   .            (no cloak)
rCorr   .            (no gloves)
SInv    .            k - +1 pair of boots
Will    .....        (no amulet) Stlth
                     (no ring)
HPRegen 0.28/turn    (no ring)
MPRegen 0.10/turn

%: no passive effects
@: mighty, lethally poisoned (-3 -> -22)
A: no striking features
a: Renounce Religion, Draw Escape, Draw Destruction, Draw Summoning


You were on level 4 of the Dungeon.
You worshipped Nemelex Xobeh.
Nemelex Xobeh was noncommittal.
You visited 1 branch of the dungeon, and saw 4 of its levels.
You also visited: Sewer.

You collected 153 gold pieces.

Inventory:

Hand Weapons
 a - a +0 war axe
 j - a +2 hand axe of electrocution (weapon)
Missiles
 o - 8 poisoned darts (quivered)
 B - 6 javelins
Armour
 b - a +0 scale mail (worn)
 c - a +0 buckler (worn)
 g - a +0 tower shield
 k - a +1 pair of boots (worn)
Magical Staves
 i - a staff of poison
Jewellery
 h - a ring of fire
 n - a ring of wizardry
Wands
 y - a wand of mindburst (12)
 C - a wand of flame (14)
Scrolls
 e - a scroll of identify {unknown}
 l - a scroll of enchant weapon {unknown}
 m - a scroll of teleportation {unknown}
 q - a scroll of butterflies {unknown}
 s - a scroll of torment {unknown}
 u - a scroll of magic mapping {unknown}
 v - a scroll of fear {unknown}
 w - a scroll of poison {unknown}
 x - a scroll of vulnerability {unknown}
Potions
 d - 3 potions of might
 f - a potion of berserk rage {unknown}
 p - a potion of heal wounds {unknown}
 r - a potion of ambrosia {unknown}
 t - 2 potions of lignification {unknown}
 z - a potion of curing {unknown}
 A - a potion of haste {unknown}


   Skills:
 - Level 4.0 Fighting
 + Level 5.3 Axes
 - Level 5.0 Armour
 + Level 5.0 Shields
 + Level 0.3 Invocations


You had 5 spell levels left.
You didn't know any spells.
Your spell library contained the following spells:

 Spells                   Type           Power      Damage    Failure   Level
 Freeze                   Ice            0%         1d3       80%         1
 Frozen Ramparts          Ice            0%         1d1       99%         3
 Hailstorm                Conj/Ice       0%         3d3       99%         3


Dungeon Overview and Level Annotations

Branches:
Dungeon (4/15)              Sewer (visited)
 Temple: D:4-7

Altars:
Nemelex Xobeh
Xom


Message History

A gnoll bouda and a gnoll come into view.
The gnoll is wielding a +1 halberd of venom.
The gnoll shouts!
The gnoll bouda barks out a call to the hunt!
The gnolls pick up the pace!
A gnoll comes into view. It is wielding a +0 flail.
The gnoll shouts!
You feel very mighty all of a sudden.
You closely miss the gnoll. You block the gnoll's attack.
You slash the gnoll! Lightning courses through the gnoll!
You kill the gnoll!
The gnoll hits you from afar with a +1 halberd of venom!
You are poisoned.
You feel very sick.
The gnoll hits you with a +1 halberd of venom.
You are more poisoned.
You see here a +0 whip.
You slash the gnoll!
The gnoll is severely wounded.
You feel very sick.
You barely miss the gnoll bouda.
You feel very sick. The gnoll barely misses you.
The gnoll bouda hits you with a +0 whip!
* * * LOW HITPOINT WARNING * * *
You barely miss the gnoll bouda.
* * * LOW HITPOINT WARNING * * *
You feel very sick. The gnoll barely misses you.
The gnoll bouda hits you but does no damage.
You slash the gnoll bouda!
The gnoll bouda is heavily wounded.
* * * LOW HITPOINT WARNING * * *
You feel very sick.
The gnoll hits you from afar with a +1 halberd of venom.
* * * LOW HITPOINT WARNING * * *
You are more poisoned.
The gnoll bouda hits you with a +0 whip.
You die...
Your body disappears without a glow.

#.....##.....#.....
#..#####.#####
..... #..#####.#
##... #........#
### #.######## #.#
#.# #.#######..
#..@ggg....
##########.


You could see a gnoll bouda and 2 gnolls.

Vanquished Creatures
  Sigmund (D:3)
  Terence (D:2)
  A gnoll (D:4)
  3 river rats (Sewer)
  An adder (Sewer)
  3 worms
  2 orcs (D:3)
  7 endoplasms
  3 giant cockroaches (D:3)
  3 hobgoblins
  4 quokkas
  7 ball pythons
  4 frilled lizards
  7 goblins
  3 kobolds
  10 rats
60 creatures vanquished.

Notes
Turn   | Place    | Note
-------+----------+-------------------------------------------
     0 | D:1      | Hubris850 the Hill Orc Fighter began the quest for the Orb.
     0 | D:1      | Reached XP level 1. HP: 19/19 MP: 1/1
     9 | D:1      | Found a faded altar of an unknown god.
   193 | D:1      | Reached XP level 2. HP: 20/27 MP: 2/2
   683 | D:2      | Noticed Terence
   692 | D:2      | Killed Terence
   693 | D:2      | Reached XP level 3. HP: 18/33 MP: 3/3
  1381 | D:3      | Noticed Sigmund
  1398 | D:3      | Killed Sigmund
  1399 | D:3      | Reached XP level 4. HP: 40/40 MP: 4/4
  1399 | D:3      | Reached XP level 5. HP: 46/46 MP: 5/5
  1565 | D:3      | Found a glowing drain.
  1582 | Sewer    | Entered a sewer
  1610 | Sewer    | Reached skill level 5 in Axes
  1610 | Sewer    | Reached XP level 6. HP: 52/52 MP: 6/6
  1753 | Sewer    | Reached skill level 5 in Armour
  2221 | D:3      | Reached skill level 5 in Shields
  2318 | D:3      | Found a sparkling altar of Nemelex Xobeh.
  2331 | D:3      | Became a worshipper of Nemelex Xobeh the Trickster
  2368 | D:4      | Found a shimmering altar of Xom.
  2491 | D:4      | Slain by a gnoll bouda

Illustrated notes

Levels and vault maps discovered:
D:1:      nzn_arrival_water_spiral, layout_basic,
          dreamdust_ecumenical_altar_grove
D:2:      layout_basic, grunt_ministairs_4, chequers_serial_rivers_micro_c,
          uniq_terence
D:3:      layout_rooms, lemuel_doored_altar, gup_sewer_entry_pipe, uniq_sigmund
D:4:      layout_loops_cross, mainiacjoe_overflow_six_doors_small,
          nicolae_overflow_hidden_temple, uniq_crazy_yiuf_cottage

Skill      XL: |  1  2  3  4  5  6 |
---------------+-------------------+-----
Axes           | 3 4 5 |  5.3
Fighting       | 4 |  4.0
Armour         | 4 5 |  5.0
Shields        | 4 5 |  5.0
Invocations    | |  0.3

Action                     |  1- 3 |  4- 6 || total
---------------------------+-------+-------++-------
  Melee: War axe           |    30 |       ||    30
         Hand axe          |    10 |   113 ||   123
  Throw: Dart              |     4 |       ||     4
    Use: Potion            |       |     1 ||     1
 Armour: Scale mail        |    13 |    39 ||    52
  Dodge: Dodged            |    16 |    30 ||    46
  Block: Buckler           |     8 |    15 ||    23
